[Event "November 21 Early 2023"]
[Site "https://www.chess.com"]
[Date "2023.11.21"]
[Round "9"]
[White "Shuvalov, Evgenij"]
[Black "Kubicka, Anna"]
[Result "1-0"]
[Board "94"]
[TimeControl "180+1"]
[WhiteFideId "4187237"]
[BlackFideId "1152254"]
[WhiteElo "2059"]
[BlackElo "2042"]
[WhiteTeam "FID"]
[BlackTeam "POL"]
[WhiteClock "0:00:12"]
[BlackClock "0:00:01"]

1. d4 Nf6 2. c4 e6 3. Nc3 Bb4 4. e3 O-O 5. a3 Bxc3+ 6. bxc3 c5 7. Ne2 d6 8. Ng3 Nc6 9. Ra2 b6 10. e4 e5 11. d5 Ne7 12. f3 Ne8 13. Bd3 f5 14. exf5 Nxf5 15. Qc2 g6 16. Ne4 Neg7 17. Bg5 Qc7 18. g4 h6 19. gxf5 hxg5 20. f6 Nh5 21. Rg1 g4 22. fxg4 Nxf6 23. Nxf6+ Rxf6 24. Bxg6 Qg7 25. Bh5 Qg5 26. Qd2 Qxd2+ 27. Rxd2 Ba6 28. g5 Rf4 29. Be2 Bxc4 30. Bxc4 Rxc4 31. Rg3 Rf8 32. Rf2 Re4+ 33. Kf1 Ref4 34. Rxf4 Rxf4+ 35. Ke2 Ra4 36. Kd3 Kg7 37. Rh3 Kg6 38. Rh6+ Kxg5 39. Rxd6 Rxa3 40. Rd8 Kf6 41. h4 Ra1 42. Kc4 a6 43. Rd6+ Ke7 44. Rxb6 Ra4+ 45. Kxc5 Rxh4 46. Rxa6 e4 47. Re6+ Kd7 48. c4 Rf4 49. Re5 Rh4 50. Kb5 Kd6 51. Re6+ Kd7 52. c5 Rh5 53. Kc4 Rh4 54. Kd4 e3+ 55. Kxe3 Rc4 56. c6+ Kc7 57. Kd3 Ra4 58. Re7+ Kd8 59. Rd7+ Kc8 60. Kc3 Re4 61. Kd3 Ra4 62. Re7 Kd8 63. Re4 Ra3+ 64. Kd4 Kc7 65. Re7+ Kd8 66. Rd7+ Kc8 67. Kc5 Rc3+ 68. Kd6 Rh3 69. Re7 Rh6+ 70. Re6 Rh8 71. Kc5 Rh1 72. d6 Rc1+ 73. Kd5 Rd1+ 74. Ke5 Re1+ 75. Kf5 Rf1+ 76. Kg4 Rg1+ 77. Kf3 Rf1+ 78. Kg2 Rf8 79. Re7 Rg8+ 80. Kf3 Kd8 81. Ra7 Rf8+ 82. Ke4 Re8+ 83. Kd5 1-0

[Event "November 21 Early 2023"]
[Site "https://www.chess.com"]
[Date "2023.11.21"]
[Round "9"]
[White "Miszler, Levente"]
[Black "Deng, Henry"]
[Result "0-1"]
[Board "95"]
[TimeControl "180+1"]
[WhiteFideId "763276"]
[BlackFideId "30965454"]
[WhiteElo "2186"]
[BlackElo "2546"]
[WhiteTeam "HUN"]
[BlackTeam "USA"]
[WhiteClock "0:02:02"]
[BlackClock "0:01:51"]

1. d4 d5 2. Nf3 Nf6 3. Bf4 c5 4. e3 Nc6 5. Nbd2 cxd4 6. exd4 Bg4 7. c3 e6 8. Bd3 Bd6 9. Bxd6 Qxd6 10. Qb3 Qc7 11. O-O O-O 12. h3 Bxf3 13. Nxf3 Rab8 14. a4 a6 15. Rfe1 b5 16. axb5 axb5 17. Ra6 b4 18. c4 Na5 19. Qa2 Nxc4 20. Rc1 Qf4 21. Rxc4 dxc4 22. Bxc4 Rfc8 23. b3 Qc1+ 24. Kh2 h6 25. Ra7 Rxc4 26. bxc4 b3 27. Qa5 b2 28. Qc7 Rf8 29. Ne5 Qf4+ 30. g3 Qxf2+ 0-1

[Event "November 21 Early 2023"]
[Site "https://www.chess.com"]
[Date "2023.11.21"]
[Round "9"]
[White "Estrada Nieto, Julian"]
[Black "Khater, Sherif"]
[Result "0-1"]
[Board "96"]
[TimeControl "180+1"]
[WhiteFideId "5101018"]
[BlackFideId "2034280"]
[WhiteElo "2161"]
[BlackElo "2540"]
[WhiteTeam "ESP"]
[BlackTeam "USA"]
[WhiteClock "0:01:30"]
[BlackClock "0:00:51"]

1. e4 a6 2. d4 c6 3. Nc3 d5 4. h3 dxe4 5. Nxe4 Nf6 6. Nxf6+ exf6 7. Nf3 Bd6 8. Bc4 O-O 9. O-O Re8 10. Re1 Rxe1+ 11. Qxe1 Nd7 12. Qe4 Nf8 13. Bf4 Bxf4 14. Qxf4 Be6 15. Bxe6 Nxe6 16. Qe3 Qd5 17. b3 b5 18. c3 Rd8 19. Re1 h6 20. Qe4 Qxe4 21. Rxe4 c5 22. dxc5 Nxc5 23. Rd4 Re8 24. Kf1 Rc8 25. Rd6 Ne4 26. Rxa6 Rxc3 27. Ra8+ Kh7 28. Nd4 b4 29. Ra4 Rc1+ 30. Ke2 Nc3+ 31. Kd2 Rd1+ 32. Kc2 Rxd4 33. a3 Nxa4 0-1

[Event "November 21 Early 2023"]
[Site "https://www.chess.com"]
[Date "2023.11.21"]
[Round "9"]
[White "Burovic00"]
[Black "brm72"]
[Result "1-0"]
[Board "97"]
[TimeControl "180+1"]
[WhiteElo "2425"]
[BlackElo "2540"]
[WhiteClock "0:02:52"]
[BlackClock "0:02:27"]

1. e4 c5 2. d3 Nc6 3. g3 g6 4. Bg2 Bg7 5. f4 d6 6. Nf3 e6 7. O-O Nge7 8. c3 O-O 9. Be3 b6 10. d4 cxd4 11. cxd4 d5 12. e5 Nf5 13. Bf2 h5 14. Nc3 Ba6 15. Re1 Rc8 16. h3 Nb4 17. Qa4 Qe7 18. a3 b5 19. Qxb4 1-0

[Event "November 21 Early 2023"]
[Site "https://www.chess.com"]
[Date "2023.11.21"]
[Round "9"]
[White "Alinasab, Mobina"]
[Black "Herman, Daniel"]
[Result "1-0"]
[Board "98"]
[TimeControl "180+1"]
[WhiteFideId "12528897"]
[BlackFideId "30935008"]
[WhiteElo "2052"]
[BlackElo "1897"]
[WhiteTeam "IRI"]
[BlackTeam "USA"]
[WhiteClock "0:00:31"]
[BlackClock "0:00:13"]

1. Nf3 d5 2. g3 c6 3. Bg2 Nf6 4. O-O Bg4 5. b3 Nbd7 6. Bb2 e6 7. d4 Be7 8. c4 O-O 9. Nc3 a6 10. Ne5 Nxe5 11. dxe5 Nd7 12. cxd5 cxd5 13. f4 Qb6+ 14. Kh1 Rac8 15. h3 Bh5 16. g4 Bg6 17. f5 exf5 18. Nxd5 Qd8 19. gxf5 Bh5 20. Nf4 g6 21. Nxh5 gxh5 22. Bxb7 Bc5 23. Rg1+ Bxg1 24. Qxg1+ Kh8 25. e6+ f6 26. exd7 Rc7 27. Bd5 Rxd7 28. e4 Rxd5 29. exd5 Rg8 30. Qd4 Kg7 31. Rg1+ 1-0

[Event "November 21 Early 2023"]
[Site "https://www.chess.com"]
[Date "2023.11.21"]
[Round "9"]
[White "Kozelov, Roman"]
[Black "Lund, Gunnar"]
[Result "1-0"]
[Board "99"]
[TimeControl "180+1"]
[WhiteFideId "14133377"]
[BlackFideId "1520814"]
[WhiteElo "2149"]
[BlackElo "2233"]
[WhiteTeam "UKR"]
[BlackTeam "NOR"]
[WhiteClock "0:00:14"]
[BlackClock "0:00:25"]

1. e4 e6 2. d4 d5 3. Nc3 Nf6 4. Bg5 dxe4 5. Nxe4 Nbd7 6. Nf3 Be7 7. Bxf6 Nxf6 8. Bd3 b6 9. O-O Bb7 10. Re1 O-O 11. Nxf6+ Bxf6 12. Be4 Bxe4 13. Rxe4 c5 14. c3 Qd5 15. Qe2 cxd4 16. Nxd4 Rfd8 17. Nf3 Rac8 18. h3 b5 19. a4 a6 20. axb5 axb5 21. Ra5 Rb8 22. Rb4 h6 23. Raxb5 Rxb5 24. Rxb5 Qa8 25. Kh2 Be7 26. g3 Qa1 27. Rb7 Bc5 28. b4 Qb1 29. Rc7 Bb6 30. Rc6 Ba7 31. Ra6 Bb8 32. b5 Rc8 33. c4 Qb4 34. Rc6 Rxc6 35. bxc6 Qc5 36. Qb2 Bd6 37. Kg2 Qxc6 38. Qb5 Qxb5 39. cxb5 Kf8 40. Nd4 Bc5 41. Nb3 Bb6 42. Nd2 Ke8 43. Nc4 Bd8 44. f4 f6 45. Kf3 Kd7 46. Ke4 Be7 47. f5 Bc5 48. g4 Bg1 49. fxe6+ Kxe6 50. b6 Bh2 51. b7 g6 52. Ne3 Bb8 53. Nd5 Bd6 54. Nb6 Bc7 55. Na4 f5+ 56. gxf5+ gxf5+ 57. Kd4 f4 58. Nc5+ Kd6 59. Na6 f3 60. Ke3 Kc6 61. b8=Q Bxb8 62. Nxb8+ Kc7 63. Na6+ Kd6 64. Kxf3 Ke5 65. Nb4 Kf5 66. Kg3 Kg5 67. Nd5 Kh5 68. Ne3 Kg5 69. Ng4 Kh5 70. Ne5 Kg5 71. Nf3+ Kh5 72. Kf4 Kg6 73. Kg4 Kf6 74. Kh5 Kg7 75. Ne5 Kh7 76. Ng4 Kg7 77. Nxh6 Kh7 78. Nf5 1-0

[Event "November 21 Early 2023"]
[Site "https://www.chess.com"]
[Date "2023.11.21"]
[Round "9"]
[White "NovoselovRoman"]
[Black "MIss_MIaMI"]
[Result "1-0"]
[Board "100"]
[TimeControl "180+1"]
[WhiteElo "2527"]
[BlackElo "2383"]
[WhiteClock "0:00:45"]
[BlackClock "0:00:00"]

1. e4 c5 2. Nc3 e6 3. Nf3 a6 4. h3 Qc7 5. a4 b6 6. g3 Bb7 7. Bg2 Nf6 8. d3 Nc6 9. O-O d6 10. Be3 Be7 11. Nh4 Nd7 12. Qg4 g6 13. f4 Nd4 14. Rf2 Nf6 15. Qd1 Nh5 16. Kh2 Bxh4 17. gxh4 Qe7 18. Qg4 f5 19. Qg5 Kf7 20. Qxe7+ Kxe7 21. Bxd4 cxd4 22. Ne2 fxe4 23. dxe4 e5 24. f5 Rhf8 25. Raf1 Rf6 26. c3 d3 27. Nc1 Nf4 28. Rxf4 exf4 29. Nxd3 gxf5 30. e5 dxe5 31. Bxb7 Ra7 32. Bd5 Rd7 33. c4 Kd6 34. h5 Rh6 35. Rg1 Rxh5 36. Rg8 b5 37. axb5 axb5 38. b3 bxc4 39. bxc4 Rh6 40. Re8 e4 41. Nxf4 Rh4 42. Kg3 Rxf4 43. Kxf4 Rg7 44. Kxf5 e3 45. Rxe3 Rg1 46. Kf4 Kc5 47. Rg3 Rf1+ 48. Kg5 Rf8 49. Kh6 Rf4 50. Kxh7 Rh4+ 51. Kg6 Rf4 52. Kg5 Rf8 53. h4 Rh8 54. h5 Rh7 55. h6 Rc7 56. Kg6 Kd6 57. h7 1-0

[Event "November 21 Early 2023"]
[Site "https://www.chess.com"]
[Date "2023.11.21"]
[Round "9"]
[White "Zaksaite, Salomeja"]
[Black "Bilan, Danila"]
[Result "1-0"]
[Board "101"]
[TimeControl "180+1"]
[WhiteFideId "12801496"]
[BlackFideId "24161918"]
[WhiteElo "2065"]
[BlackElo "2146"]
[WhiteTeam "LTU"]
[BlackTeam "RUS"]
[WhiteClock "0:00:55"]
[BlackClock "0:00:00"]

1. e4 c6 2. d4 d5 3. exd5 cxd5 4. Bd3 Nc6 5. c3 Qc7 6. h3 g6 7. Nf3 Bf5 8. Be2 Nf6 9. O-O h5 10. Nbd2 e6 11. Re1 Bd6 12. Nf1 Ne4 13. Ne3 f6 14. c4 Ne7 15. cxd5 exd5 16. Qb3 Be6 17. Bd3 f5 18. Bd2 g5 19. Bxe4 fxe4 20. Nxg5 Qd7 21. Nxe6 Qxe6 22. f3 Rg8 23. fxe4 Qxh3 24. e5 Bc7 25. Qb5+ Nc6 26. Qxb7 Kd7 27. Rac1 1-0

[Event "November 21 Early 2023"]
[Site "https://www.chess.com"]
[Date "2023.11.21"]
[Round "9"]
[White "vishwa_vijeta"]
[Black "Viskelis, Darius"]
[Result "1-0"]
[Board "102"]
[TimeControl "180+1"]
[BlackFideId "12800830"]
[WhiteElo "2519"]
[BlackElo "1859"]
[BlackTeam "LTU"]
[WhiteClock "0:00:06"]
[BlackClock "0:00:02"]

1. e4 e5 2. Nf3 Nf6 3. d4 Nxe4 4. Bd3 d5 5. Nxe5 Bb4+ 6. c3 Bd6 7. O-O O-O 8. Nd2 Bf5 9. Qc2 Nxd2 10. Bxd2 Bxd3 11. Qxd3 Nd7 12. f4 Nf6 13. f5 Ne4 14. Bf4 f6 15. Ng4 Qd7 16. Bxd6 Qxd6 17. Rae1 Rae8 18. c4 Re7 19. Ne3 dxc4 20. Nxc4 Qd5 21. Ne3 Qxa2 22. Nc4 Qa6 23. b3 Rfe8 24. Ra1 Qc6 25. Rxa7 Nc5 26. Qc3 Re2 27. Qg3 Nxb3 28. Ne5 fxe5 29. Qxb3+ Kh8 30. d5 Qc5+ 31. Kh1 Qxa7 32. Qb5 Qa8 33. Qxe2 e4 34. f6 gxf6 35. Rxf6 Qa1+ 36. Rf1 Qe5 37. Qe3 b6 38. h3 Qxd5 39. Qh6 Qe5 40. Rf8+ Rxf8 41. Qxf8# 1-0

[Event "November 21 Early 2023"]
[Site "https://www.chess.com"]
[Date "2023.11.21"]
[Round "9"]
[White "Hajiyev, Kanan"]
[Black "Palacio,Igor Da Paz"]
[Result "1-0"]
[Board "104"]
[TimeControl "180+1"]
[WhiteFideId "13404148"]
[BlackFideId "2121140"]
[WhiteElo "2102"]
[BlackElo "2126"]
[WhiteTeam "AZE"]
[BlackTeam "BRA"]
[WhiteClock "0:01:10"]
[BlackClock "0:00:00"]

1. d4 Nf6 2. Nf3 g6 3. c4 Bg7 4. g3 O-O 5. Bg2 d6 6. O-O Nbd7 7. b3 e5 8. Bb2 Re8 9. dxe5 Ng4 10. Nc3 Ngxe5 11. Qc2 Nf6 12. Rad1 Qe7 13. Nxe5 dxe5 14. Nd5 Nxd5 15. cxd5 Bf5 16. e4 Bg4 17. f3 Bd7 18. Qxc7 Bb5 19. Qxe7 Rxe7 20. Rf2 f6 21. Bf1 Bxf1 22. Rfxf1 Bh6 23. Bc1 Bf8 24. Be3 b6 25. Rc1 Rd7 26. Rc6 Bd6 27. Rfc1 Rad8 28. h4 Kg7 29. a4 h6 30. Kg2 g5 31. h5 Kf7 32. Kh3 f5 33. exf5 Kf6 34. g4 Ke7 35. Kg2 Kf7 36. Kf2 Bf8 37. Rc7 Ba3 38. R1c6 Bf8 39. Ke2 Bd6 40. Rxd6 1-0

[Event "November 21 Early 2023"]
[Site "https://www.chess.com"]
[Date "2023.11.21"]
[Round "9"]
[White "Eugene, Floryan"]
[Black "Malikova777"]
[Result "1-0"]
[Board "105"]
[TimeControl "180+1"]
[WhiteFideId "20694784"]
[WhiteElo "2369"]
[BlackElo "2322"]
[WhiteTeam "FRA"]
[WhiteClock "0:00:57"]
[BlackClock "0:00:00"]

1. Nf3 Nf6 2. d4 g6 3. c4 Bg7 4. Nc3 O-O 5. e4 d6 6. Be2 Nc6 7. O-O e5 8. d5 Ne7 9. b4 Nd7 10. a4 a5 11. Ba3 axb4 12. Bxb4 f5 13. Nd2 f4 14. Bg4 Nf6 15. Bxc8 Qxc8 16. c5 Qd7 17. cxd6 cxd6 18. Nc4 Rfc8 19. Nb6 Qd8 20. Nxa8 Rxa8 21. Nb5 Ne8 22. Rc1 g5 23. Qg4 Ng6 24. Qe6+ Kh8 25. Nxd6 Nxd6 26. Qxd6 Qe8 27. Qe6 Qd8 28. Rc2 f3 29. Rfc1 Nf4 30. Qe7 Ne2+ 31. Rxe2 Qxe7 32. Bxe7 fxe2 33. d6 Kg8 34. d7 Bf8 35. d8=Q Rxd8 36. Bxd8 Bb4 37. Bxg5 e1=Q+ 38. Rxe1 Bxe1 39. f3 Kf7 40. Kf1 Bb4 41. Ke2 Ke6 42. Kd3 Bc5 43. Kc4 Bg1 44. h3 h5 45. Kb5 Bf2 46. Bd8 Kd7 47. Bb6 Be1 48. Be3 Kc7 49. Kc5 Bc3 50. Kd5 Kd7 51. Bc5 1-0

[Event "November 21 Early 2023"]
[Site "https://www.chess.com"]
[Date "2023.11.21"]
[Round "9"]
[White "Bogaudinov, Rushan"]
[Black "Skibbe, Willi"]
[Result "1/2-1/2"]
[Board "106"]
[TimeControl "180+1"]
[WhiteFideId "4129288"]
[BlackFideId "4682190"]
[WhiteElo "1908"]
[BlackElo "2286"]
[WhiteTeam "RUS"]
[BlackTeam "GER"]
[WhiteClock "0:00:21"]
[BlackClock "0:00:54"]

1. a3 h6 2. b4 Nf6 3. Bb2 e6 4. Nf3 b6 5. g3 Bb7 6. Bg2 Be7 7. O-O O-O 8. c4 c5 9. bxc5 bxc5 10. Nc3 Nc6 11. d3 Rb8 12. Rb1 Na5 13. e4 d6 14. Ba1 Bc6 15. Qc2 a6 16. h3 Qc7 17. Nd2 Nd7 18. f4 Bf6 19. g4 Bd4+ 20. Kh1 e5 21. f5 Rxb1 22. Rxb1 Rb8 23. Nf3 Rxb1+ 24. Qxb1 Qb7 25. Qxb7 Bxb7 26. Bb2 Bc6 27. h4 f6 28. g5 hxg5 29. hxg5 Nb6 30. g6 Na4 31. Nxa4 Bxa4 32. Nxd4 cxd4 33. Bf1 Nb7 34. Bc1 Bc2 35. Bd2 Kf8 36. Bb4 a5 37. Bd2 Ke7 38. Kg2 a4 39. Bb4 Nc5 40. Bxc5 dxc5 41. Kf2 Bb3 42. Ke1 Kd6 43. Kd2 Kc6 44. Be2 Kb6 45. Bf3 Kc6 46. Be2 Kb6 1/2-1/2

[Event "November 21 Early 2023"]
[Site "https://www.chess.com"]
[Date "2023.11.21"]
[Round "9"]
[White "Sadubayev, Airat"]
[Black "Khromkin, Andrey"]
[Result "0-1"]
[Board "107"]
[TimeControl "180+1"]
[WhiteFideId "13713264"]
[BlackFideId "4154126"]
[WhiteElo "2137"]
[BlackElo "2451"]
[WhiteTeam "KAZ"]
[BlackTeam "RUS"]
[WhiteClock "0:00:11"]
[BlackClock "0:00:29"]

1. d4 d5 2. c4 dxc4 3. e4 e5 4. Nf3 Bb4+ 5. Nc3 exd4 6. Nxd4 c5 7. Nf3 Qxd1+ 8. Kxd1 Be6 9. Ng5 Nf6 10. Nxe6 fxe6 11. f3 Nc6 12. Bxc4 Rd8+ 13. Ke2 Nd4+ 14. Kf2 O-O 15. a3 Bxc3 16. bxc3 Nxe4+ 17. Ke3 Nxc3 18. Bb2 Nc2+ 19. Kf2 Rd2+ 20. Kg3 Ne2+ 21. Kf2 Nf4+ 22. Kf1 Ne3+ 23. Ke1 Rxb2 24. Rc1 Nfxg2# 0-1

[Event "November 21 Early 2023"]
[Site "https://www.chess.com"]
[Date "2023.11.21"]
[Round "9"]
[White "GatoRojo150"]
[Black "Rosenberg, Evan S"]
[Result "1-0"]
[Board "108"]
[TimeControl "180+1"]
[BlackFideId "2019299"]
[WhiteElo "2562"]
[BlackElo "2434"]
[BlackTeam "USA"]
[WhiteClock "0:01:04"]
[BlackClock "0:00:00"]

1. e4 g6 2. d4 Bg7 3. Nc3 d6 4. Bc4 e6 5. Nf3 a6 6. Bb3 h6 7. Qe2 Nd7 8. e5 d5 9. Nd1 c5 10. c3 Ne7 11. h4 b5 12. h5 g5 13. Nh2 cxd4 14. cxd4 Nf5 15. Be3 Nxe3 16. fxe3 f5 17. exf6 Nxf6 18. O-O O-O 19. Bc2 Qd6 20. Nf2 e5 21. dxe5 Qxe5 22. Qd3 Ne4 23. Nxe4 dxe4 24. Qxe4 Qxe4 25. Bxe4 Ra7 26. Bd5+ Kh8 27. Rxf8+ Bxf8 28. e4 Bc5+ 29. Kh1 Re7 30. Nf3 Bg4 31. Rc1 Be3 32. Re1 Bc5 33. b3 Bxh5 34. Rc1 Bd6 35. Rc6 Bf4 36. Rxh6+ Rh7 37. Rxh7+ Kxh7 38. Nd4 Kg6 39. Bb7 Be5 40. Nc6 Bd6 41. Bxa6 b4 42. Bd3 Kf6 43. Kg1 Bc5+ 44. Kf1 Be8 45. Na5 Ke5 46. Ke2 Bh5+ 47. Kd2 Kf4 48. Nc4 Kg3 49. e5 1-0

[Event "November 21 Early 2023"]
[Site "https://www.chess.com"]
[Date "2023.11.21"]
[Round "9"]
[White "Spichkin, Alexander"]
[Black "Jovic, Stanoje"]
[Result "0-1"]
[Board "109"]
[TimeControl "180+1"]
[WhiteFideId "4144074"]
[BlackFideId "905020"]
[WhiteElo "1968"]
[BlackElo "2249"]
[WhiteTeam "RUS"]
[BlackTeam "SRB"]
[WhiteClock "0:00:41"]
[BlackClock "0:00:15"]

1. f4 d5 2. Nf3 c5 3. e3 Nc6 4. Bb5 g6 5. O-O Bg7 6. Bxc6+ bxc6 7. Nc3 Nf6 8. b3 Ne4 9. Bb2 Nxc3 10. Bxc3 Bxc3 11. dxc3 O-O 12. Ne5 Qc7 13. Qd3 a5 14. c4 e6 15. Qc3 f6 16. Nd3 Ba6 17. Nxc5 Bc8 18. e4 Qd6 19. cxd5 cxd5 20. e5 Qc6 21. exf6 Ba6 22. Rfe1 Rac8 23. Qxa5 Qxc5+ 24. Qxc5 Rxc5 25. Rxe6 Bc8 26. Rd6 Rxc2 27. a4 Bb7 28. a5 d4 29. a6 Rxg2+ 30. Kf1 Ba8 31. b4 Rxh2 32. Ra5 Rh4 33. b5 Rxf4+ 34. Ke2 R4xf6 35. Rxd4 Re8+ 36. Kd3 h5 37. Ra1 g5 38. Kc4 g4 39. Rb1 Rc8+ 40. Kb4 g3 41. Ka5 g2 42. Rd3 Rg6 43. Rg1 h4 44. b6 Rcc6 45. Rc3 Rxc3 46. b7 Bxb7 47. axb7 Rb3 0-1

[Event "November 21 Early 2023"]
[Site "https://www.chess.com"]
[Date "2023.11.21"]
[Round "9"]
[White "Herzog2012"]
[Black "ChessLebaneseSalah"]
[Result "0-1"]
[Board "110"]
[TimeControl "180+1"]
[WhiteElo "2533"]
[BlackElo "2397"]
[WhiteClock "0:00:00"]
[BlackClock "0:00:55"]

1. e4 c5 2. Nf3 d6 3. d4 cxd4 4. Nxd4 Nf6 5. Nc3 Nc6 6. Bg5 e6 7. Qd2 a6 8. O-O-O Bd7 9. f4 Be7 10. Nf3 b5 11. e5 b4 12. exf6 bxc3 13. Qxc3 gxf6 14. Bh6 d5 15. f5 Nb4 16. Kb1 Rc8 17. Qb3 Qa5 18. a3 Ba4 19. axb4 Bxb4 20. Nd4 Bxb3 21. Nxb3 Qc7 22. Bd3 Rg8 23. c3 Bxc3 24. Rc1 Qb6 25. Ka2 Rxg2 26. Bd2 Rxd2 27. Bc2 Rb8 28. bxc3 Rxc2+ 29. Rxc2 Qxb3+ 30. Ka1 Qa3+ 0-1

[Event "November 21 Early 2023"]
[Site "https://www.chess.com"]
[Date "2023.11.21"]
[Round "9"]
[White "Sharafiev, Azat"]
[Black "Omariev, Maksim"]
[Result "0-1"]
[Board "111"]
[TimeControl "180+1"]
[WhiteFideId "4186214"]
[BlackFideId "4193423"]
[WhiteElo "2306"]
[BlackElo "2532"]
[WhiteTeam "RUS"]
[BlackTeam "RUS"]
[WhiteClock "0:00:17"]
[BlackClock "0:00:16"]

1. Nf3 d5 2. e3 Nf6 3. c4 c6 4. b3 Bf5 5. Bb2 e6 6. Be2 h6 7. O-O Be7 8. d4 O-O 9. Nbd2 Nbd7 10. Ne5 Nxe5 11. dxe5 Nd7 12. f4 Bc5 13. Bd4 Qb6 14. Nf3 Be4 15. Qd2 Rfd8 16. Rfd1 Rac8 17. h3 a5 18. Qc3 a4 19. Bxc5 Nxc5 20. b4 Na6 21. a3 Bxf3 22. Bxf3 dxc4 23. Qxc4 Qxe3+ 24. Kh1 Rxd1+ 25. Rxd1 Qxa3 26. b5 Qb4 27. Qd3 Qxb5 28. Qd7 Rf8 29. Bh5 Nc5 30. Qe7 Qb6 31. h4 a3 32. Bxf7+ Rxf7 33. Rd8+ Kh7 34. Qe8 Qb1+ 35. Kh2 Rxf4 36. Qg8+ Kg6 37. Qe8+ Kf5 38. Qh5+ Ke4 39. Qe2+ Kf5 40. Qh5+ g5 41. hxg5 hxg5 42. Rf8+ Kxe5 43. Qxg5+ Rf5 44. Qe3+ Qe4 45. Qxc5+ Qd5 46. Qe3+ Kd6 47. Qxa3+ Kc7 48. Qe7+ Kb6 49. Qb4+ Kc7 50. Qe7+ Qd7 51. Qxd7+ Kxd7 52. Rg8 b5 53. Rg7+ Kd6 54. g4 Rd5 55. Kg3 b4 56. Rb7 Kc5 57. Kf4 Kc4 58. g5 Rd1 59. g6 Rg1 60. g7 c5 61. Ke3 Kc3 62. Ke4 c4 63. Ke5 b3 64. Kxe6 b2 65. Kd5 Rxg7 66. Rxg7 b1=Q 67. Rg3+ Kb4 68. Rg4 Qd3+ 69. Rd4 Qxd4+ 70. Kxd4 Kb3 71. Ke3 c3 72. Ke2 Kb2 73. Kd3 c2 74. Kd4 c1=Q 75. Ke5 Qc3+ 76. Kd6 Kb3 77. Ke6 Kb4 78. Ke7 Qc4 79. Ke8 Qc7 80. Kf8 Kc5 81. Kg8 Kd6 82. Kh8 Ke6 83. Kg8 Kf6 84. Kh8 Qg7# 0-1

[Event "November 21 Early 2023"]
[Site "https://www.chess.com"]
[Date "2023.11.21"]
[Round "9"]
[White "LeoLV10"]
[Black "Ovezdurdyyeva, Jemal"]
[Result "1-0"]
[Board "112"]
[TimeControl "180+1"]
[BlackFideId "14001888"]
[WhiteElo "2512"]
[BlackElo "2086"]
[BlackTeam "TKM"]
[WhiteClock "0:00:12"]
[BlackClock "0:00:07"]

1. e4 d6 2. d4 Nf6 3. Nc3 g6 4. f4 c6 5. Nf3 b5 6. a3 Bg7 7. Bd3 Kf8 8. O-O h5 9. e5 Ng4 10. h3 Nh6 11. Be3 Nf5 12. Bf2 d5 13. Ng5 Na6 14. Qe2 Nc7 15. Nd1 Ne6 16. Nxe6+ Bxe6 17. c3 Bh6 18. Be1 Qd7 19. Ne3 Kg8 20. Rf3 Kh7 21. Bd2 a5 22. Raf1 b4 23. Nxf5 Bxf5 24. cxb4 axb4 25. Bxb4 Rhe8 26. Qc2 e6 27. Kh2 Rg8 28. Rg1 h4 29. Be1 Qe7 30. Bxf5 gxf5 31. Qf2 Rab8 32. Bb4 Qd8 33. Rc1 Rb6 34. Rc2 Bf8 35. Be1 Be7 36. Rfc3 Qd7 37. Qf3 Rc8 38. Qh5+ Kg7 39. Bxh4 Bxh4 40. Qxh4 Rcb8 41. Rg3+ Kf8 42. Qh8+ Ke7 43. Qf6+ Ke8 44. Rg8# 1-0

[Event "November 21 Early 2023"]
[Site "https://www.chess.com"]
[Date "2023.11.21"]
[Round "9"]
[White "Mejia, Cherry Ann"]
[Black "Mystery2007"]
[Result "0-1"]
[Board "113"]
[TimeControl "180+1"]
[WhiteFideId "5206880"]
[WhiteElo "2009"]
[BlackElo "2506"]
[WhiteTeam "PHI"]
[WhiteClock "0:00:04"]
[BlackClock "0:00:41"]

1. e4 a6 2. d4 e6 3. Nf3 b5 4. Bd3 Bb7 5. O-O c5 6. a4 c4 7. Be2 Bxe4 8. Nc3 Bb7 9. axb5 axb5 10. Rxa8 Bxa8 11. Nxb5 Nf6 12. Bxc4 Be7 13. Bf4 O-O 14. Qe2 d6 15. Re1 Qb6 16. Bxe6 fxe6 17. Qxe6+ Rf7 18. Nxd6 Bd5 19. Nc8 Qxe6 20. Rxe6 Bxe6 21. Nxe7+ Rxe7 22. Bxb8 Rb7 0-1

[Event "November 21 Early 2023"]
[Site "https://www.chess.com"]
[Date "2023.11.21"]
[Round "9"]
[White "mkllnd1517"]
[Black "Kovalyov_Eduard"]
[Result "1/2-1/2"]
[Board "114"]
[TimeControl "180+1"]
[WhiteElo "2362"]
[BlackElo "2504"]
[WhiteClock "0:00:05"]
[BlackClock "0:00:03"]

1. Nf3 Nf6 2. b3 g6 3. Bb2 Bg7 4. g3 O-O 5. Bg2 d5 6. O-O c5 7. d4 cxd4 8. Nxd4 e5 9. Nf3 e4 10. Nd4 Nc6 11. c4 Nxd4 12. Bxd4 dxc4 13. Na3 cxb3 14. axb3 Be6 15. e3 a6 16. Nc4 Rc8 17. Qe2 Bf5 18. Rfd1 Qe7 19. h3 h5 20. Rac1 Rfd8 21. Qb2 Ne8 22. Bxg7 Nxg7 23. Nb6 Rxc1 24. Rxc1 Ne8 25. Bf1 Qe6 26. Na4 Bxh3 27. Nc5 Qf5 28. Bxh3 Qxh3 29. Nxe4 h4 30. Nf6+ Nxf6 31. Qxf6 Rc8 32. Rxc8+ Qxc8 33. Qxh4 Qc1+ 34. Kh2 Qb2 35. Qd8+ Kh7 36. Kg2 Qxb3 37. Qh4+ Kg8 38. Qd8+ Kg7 39. Qd4+ Kf8 40. Qd8+ Kg7 41. Qd4+ f6 42. Qd7+ Qf7 43. Qd6 g5 44. Qb6 Qd7 45. Kg1 Qd1+ 46. Kh2 Qd5 47. Qc7+ Qf7 48. Qb6 Qd7 49. e4 Qc6 50. Qd4 b5 51. e5 Qe6 52. exf6+ Qxf6 53. Qd7+ Kg6 54. Qd3+ Qf5 55. Qd6+ Qf6 56. Qd3+ Kf7 57. Qd7+ Kf8 58. Qc8+ Kg7 59. Qd7+ Kh6 60. Qd3 Qxf2+ 61. Kh3 Qf6 62. Qd7 Qf1+ 63. Kg4 Qf6 64. Kh3 Kg6 65. Kg4 Kh6 66. Qd3 Qc6 67. Qf5 Qc4+ 68. Kh3 Qg8 69. Qf6+ Qg6 70. Qh8+ Qh7 71. Qf6+ Qg6 72. Qh8+ Qh7 73. Qf6+ Qg6 1/2-1/2

[Event "November 21 Early 2023"]
[Site "https://www.chess.com"]
[Date "2023.11.21"]
[Round "9"]
[White "Silva Lucena, Cristian"]
[Black "Skurikhin, Dmitrij"]
[Result "0-1"]
[Board "115"]
[TimeControl "180+1"]
[WhiteFideId "2232588"]
[BlackFideId "4161297"]
[WhiteElo "2248"]
[BlackElo "2197"]
[WhiteTeam "ESP"]
[BlackTeam "RUS"]
[WhiteClock "0:00:00"]
[BlackClock "0:00:10"]

1. d4 d5 2. c4 e6 3. Nc3 Nf6 4. cxd5 exd5 5. Bg5 Be7 6. e3 c6 7. Bd3 O-O 8. Qc2 Nbd7 9. Nge2 h6 10. Bh4 Re8 11. O-O Nh5 12. Bxe7 Qxe7 13. Rae1 Nhf6 14. Ng3 Nf8 15. f3 Qd8 16. Qf2 Ne6 17. Nf5 Ng5 18. Bb1 Bxf5 19. Bxf5 Qb6 20. Bb1 Rad8 21. Qc2 a5 22. Kh1 Re7 23. b3 Rde8 24. Qd3 Qb4 25. Re2 Ne6 26. Rfe1 b5 27. g3 Qd6 28. Kg2 Qb4 29. h3 Qd6 30. g4 c5 31. Nxb5 Qb6 32. a4 c4 33. bxc4 dxc4 34. Qc2 Qb7 35. e4 Nf4+ 36. Kh2 Nxe2 37. Rxe2 g6 38. e5 Nd5 39. Qd2 Kg7 40. Nd6 Qb4 41. Nxe8+ Rxe8 42. Qc2 Rb8 43. h4 Qxb1 44. Qxc4 Nf4 45. Rc2 Rb2 46. Rxb2 Qxb2+ 47. Kg3 g5 48. hxg5 hxg5 0-1

[Event "November 21 Early 2023"]
[Site "https://www.chess.com"]
[Date "2023.11.21"]
[Round "9"]
[White "alfianasybullina"]
[Black "Rietze, Clemens, Dr."]
[Result "0-1"]
[Board "116"]
[TimeControl "180+1"]
[BlackFideId "24620351"]
[WhiteElo "2330"]
[BlackElo "2288"]
[BlackTeam "GER"]
[WhiteClock "0:01:10"]
[BlackClock "0:00:38"]

1. d4 Nf6 2. Nf3 g6 3. Bf4 Bg7 4. Nc3 d5 5. e3 O-O 6. h3 c5 7. dxc5 Qa5 8. Be2 Ne4 9. O-O Bxc3 10. bxc3 Nxc3 11. Qe1 Nxe2+ 12. Qxe2 Qxc5 13. Rfd1 Nc6 14. Ne5 Nxe5 15. Bxe5 f6 16. Bd4 Qc6 17. Rac1 e5 18. Ba1 Be6 19. f4 Qc7 20. e4 d4 21. Qf2 Qc4 22. c3 d3 23. f5 gxf5 24. exf5 Bd5 25. Qg3+ Kh8 26. Qxd3 Qc5+ 27. Kh2 Bc6 28. c4 Rg8 29. g4 Qf2# 0-1